Map: King Sejong Station LE

Players

Neeb - Winner!

  • Race: Protoss Protoss

Scarlett

  • Race: Zerg Zerg

Event: 2016 WCS Summer Circuit Championship (DH Montreal)

VOD

https://www.youtube.com/watch?v=4SDvFRbRhqs

Description

Time

  • Played on: Aug. 13, 2016, 9:10 p.m.
  • Length: 10:42

All games in this series

Show
View Real Time Build Order
Export as new Build Order

Neeb Protoss - Winner!

Build Orders: 1 Gate Expand, Zealot Archon 

Get SALT Encoding   

  12  0:00  Probe (Chrono Boost)  
  13  0:11  Probe (Chrono Boost)  
  14  0:17  Pylon  
  14  0:22  Probe (Chrono Boost)  
  15  0:35  Probe (Chrono Boost)  
  16  0:38  Gateway  
  16  0:46  Probe (Chrono Boost)  
  17  0:51  Pylon  
  17  0:56  Probe (Chrono Boost)  
  18  1:02  Assimilator  
  18  1:07  Probe (Chrono Boost)  
  19  1:28  Nexus  
  19  1:31  Probe (Chrono Boost)  
  20  1:42  Probe (Chrono Boost)  
  21  1:48  Cybernetics Core  
  21  1:50  Assimilator  
  21  1:52  Probe (Chrono Boost)  
  22  2:03  Probe (Chrono Boost)  
  22  2:05  Pylon  
  23  2:13  Probe (Chrono Boost)  
  24  2:16  Warp Gate  
  24  2:21  Adept  
  24  2:26  Probe (Chrono Boost)  
  27  2:32  Twilight Council  
  28  2:38  Probe (Chrono Boost)  
  28  2:40  Probe (Chrono Boost)  
  29  2:47  Stalker  
  29  2:50  Probe x2 (Chrono Boost)  
  33  2:55  Resonating Glaives  
  33  3:01  Probe (Chrono Boost)  
  33  3:02  Probe (Chrono Boost)  
  37  3:13  Probe (Chrono Boost)  
  37  3:14  Probe (Chrono Boost)  
  37  3:16  Gateway  
  37  3:20  Gateway  
  37  3:25  Probe (Chrono Boost), Pylon  
  39  3:28  Probe (Chrono Boost)  
  39  3:34  Assimilator  
  39  3:37  Probe (Chrono Boost)  
  39  3:40  Probe (Chrono Boost)  
  41  3:43  Pylon  
  41  3:47  Adept  
  44  3:49  Probe (Chrono Boost)  
  44  3:53  Probe (Chrono Boost)  
  45  4:03  Mothership Core (Chrono Boost)  
  45  4:04  Pylon  
  45  4:05  Probe (Chrono Boost)  
  46  4:13  Dark Shrine  
  47  4:17  Probe (Chrono Boost)  
  47  4:21  Probe (Chrono Boost), Adept x3  
  54  4:29  Probe (Chrono Boost)  
  55  4:34  Nexus  
  55  4:42  Adept x3  
  61  4:46  Pylon  
  61  4:48  Probe (Chrono Boost)  
  61  4:49  Probe (Chrono Boost)  
  61  4:51  Assimilator  
  63  4:58  Probe (Chrono Boost)  
  65  5:01  Probe (Chrono Boost)  
  65  5:06  Robotics Facility  
  65  5:09  Probe (Chrono Boost)  
  65  5:13  Probe (Chrono Boost)  
  67  5:19  Probe (Chrono Boost)  
  68  5:25  Probe (Chrono Boost)  
  68  5:27  Dark Templar  
  68  5:28  Dark Templar x2  
  69  5:30  Probe (Chrono Boost)  
  66  5:37  Probe (Chrono Boost)  
  66  5:41  Probe (Chrono Boost)  
  66  5:44  Forge, Gateway  
  66  5:46  Gateway  
  66  5:47  Probe (Chrono Boost), Gateway  
  66  5:49  Probe (Chrono Boost)  
  68  5:51  Probe (Chrono Boost)  
  68  5:53  Immortal  
  69  5:59  Probe (Chrono Boost)  
  75  6:05  Probe (Chrono Boost)  
  75  6:07  Probe (Chrono Boost)  
  75  6:11  Probe (Chrono Boost)  
  75  6:13  Dark Templar x3  
  75  6:15  Protoss Ground Weapons Level 1  
  75  6:17  Probe (Chrono Boost)  
  80  6:19  Probe (Chrono Boost)  
  80  6:23  Probe (Chrono Boost)  
  82  6:29  Probe (Chrono Boost), Warp Prism  
  82  6:31  Probe (Chrono Boost)  
  82  6:32  Assimilator  
  84  6:33  Assimilator  
  84  6:35  Blink  
  84  6:36  Pylon  
  84  6:38  Probe (Chrono Boost)  
  87  6:40  Probe (Chrono Boost)  
  87  6:42  Pylon  
  87  6:43  Archon  
  87  6:45  Sentry x2  
  92  6:49  Probe (Chrono Boost)  
  92  6:52  Pylon  
  93  6:54  Dark Templar  
  93  7:00  Gateway  
  95  7:03  Gateway  
  95  7:06  Archon  
  95  7:07  Gateway  
  95  7:08  Pylon  
  95  7:11  Adept x3  
  95  7:12  Adept  
  95  7:13  Adept, Immortal  
  109  7:25  Pylon  
  109  7:27  Pylon  
  109  7:28  Pylon  
  107  7:46  Dark Templar x2, Stalker x3  
  107  7:47  Stalker  
  107  7:50  Observer, Pylon  
  119  7:53  Archon  
  120  8:03  Protoss Ground Weapons Level 2  
  120  8:09  Stalker x2  
  120  8:10  Stalker x4  
  128  8:28  Dark Templar x2, Adept  
  128  8:31  Nexus  
  128  8:32  Adept, Archon  
  128  8:33  Adept x5  
  146  8:46  Pylon  
  146  8:47  Pylon  
  146  8:48  Pylon  
  146  8:55  Stalker x5  
  149  9:03  Pylon  
  149  9:04  Stalker x2, Pylon  
  149  9:05  Stalker  
  152  9:17  Stalker  
  152  9:18  Probe x3 (Chrono Boost)  
  152  9:20  Stalker  
  156  9:31  Stalker  
  156  9:32  Stalker x2  
  158  9:48  Stalker x4  
  158  9:49  Stalker  
  134  10:06  Stalker x3  
  134  10:07  Stalker  
  136  10:18  Stalker x4  
  136  10:19  Stalker  
Show
View Real Time Build Order
Export as new Build Order

Scarlett Zerg 

Build Orders: Pool First, Muta Ling Bane 

Get SALT Encoding   

  12  0:01  Drone  
  13  0:12  Overlord  
  13  0:18  Drone  
  14  0:31  Drone x2  
  14  0:34  Drone  
  17  0:52  Drone  
  17  0:55  Extractor  
  17  0:56  Spawning Pool  
  16  0:57  Drone  
  17  1:15  Hatchery  
  16  1:19  Drone  
  16  1:21  Drone  
  18  1:43  Queen, Zergling x4  
  22  1:50  Overlord  
  22  1:58  Metabolic Boost  
  22  2:09  Drone  
  22  2:11  Drone  
  24  2:19  Queen  
  26  2:30  Hatchery  
  26  2:32  Drone  
  26  2:42  Drone x2  
  28  2:50  Drone  
  29  2:52  Zergling x2  
  29  2:58  Drone x4  
  34  3:03  Zergling x2  
  35  3:07  Zergling x2  
  36  3:15  Overlord  
  35  3:26  Overlord  
  35  3:32  Overlord  
  35  3:33  Queen  
  37  3:35  Drone x5  
  42  3:42  Roach Warren  
  42  3:46  Drone  
  42  3:47  Drone  
  42  3:59  Drone  
  42  4:00  Drone x5  
  47  4:07  Drone x3  
  47  4:08  Drone  
  51  4:11  Drone x2  
  53  4:19  Overlord  
  53  4:20  Drone x3  
  56  4:26  Overlord  
  56  4:28  Roach  
  58  4:34  Overlord  
  58  4:38  Roach x4  
  65  4:43  Overlord x2  
  65  4:46  Extractor, Roach  
  65  4:47  Evolution Chamber, Roach  
  65  4:51  Zergling x4  
  69  4:53  Queen  
  69  4:54  Zergling x2  
  69  4:55  Zergling x2  
  73  5:07  Zergling x6  
  73  5:08  Zergling x4  
  76  5:24  Drone x2  
  76  5:25  Drone  
  75  5:29  Zerg Melee Weapons Level 1, Zergling x2  
  75  5:30  Zergling x10  
  75  5:33  Drone  
  80  5:39  Spore Crawler  
  80  5:41  Spore Crawler  
  76  5:44  Drone  
  76  5:45  Drone x2, Lair  
  79  5:52  Drone x2  
  79  5:56  Extractor x2  
  79  5:57  Extractor  
  79  6:00  Drone  
  79  6:01  Drone, Overlord  
  80  6:07  Spore Crawler  
  80  6:11  Drone x9, Zergling x2  
  75  6:13  Hatchery  
  75  6:18  Drone  
  76  6:30  Drone x4  
  78  6:37  Drone x6  
  78  6:38  Pneumatized Carapace  
  84  6:42  Queen  
  84  6:46  Overseer  
  86  6:47  Drone x6  
  86  6:52  Spire  
  91  6:56  Roach x3  
  91  6:59  Overseer  
  97  7:02  Queen  
  97  7:03  Drone  
  97  7:04  Drone  
  97  7:05  Drone  
  97  7:06  Drone  
  103  7:09  Drone  
  103  7:12  Hatchery  
  103  7:14  Baneling Nest  
  102  7:17  Zergling x8  
  102  7:19  Overlord  
  106  7:24  Overlord x2  
  105  7:40  Drone x3  
  103  7:47  Drone  
  103  7:48  Zerg Melee Weapons Level 2, Zergling x12  
  111  7:51  Zergling x2  
  111  8:00  Overlord x2  
  110  8:06  Mutalisk x6  
  124  8:19  Zergling x18  
  133  8:22  Ravager x2  
  133  8:25  Ravager x2  
  135  8:27  Zergling x18  
  135  8:32  Zergling x2  
  135  8:33  Zergling x2  
  135  8:34  Centrifical Hooks  
  145  8:37  Baneling x5  
  145  8:38  Baneling  
  145  8:39  Zergling x6  
  146  8:52  Zergling x2  
  146  8:53  Zergling x8  
  150  9:00  Ravager x2  
  150  9:01  Baneling  
  150  9:02  Baneling x6  
  150  9:03  Zergling x4  
  138  9:13  Zergling x16  
  138  9:16  Queen  
  138  9:23  Zergling x6  
  141  9:30  Zergling x2  
  141  9:31  Zergling x6  
  143  9:33  Baneling x6, Zergling x2  
  143  9:34  Zergling x4  
  144  9:40  Zergling x2  
  144  9:41  Zergling x4  
  143  9:46  Queen x2, Zergling x2  
  135  9:55  Zergling x6  
  135  9:56  Zergling x10  
  116  10:01  Zergling x6  
  116  10:04  Zergling x6  
  106  10:08  Zergling x4  
  94  10:18  Zergling x8  
  96  10:22  Zergling x6  
  96  10:23  Zergling x8  
Tags
 
Add a new tag
Caveats
  • Supply blocks, unpowered buildings, or Contaminate may cause inaccurate times.
  • Supply counts are checked every 10 seconds.